 Dungeon Crawl Stone Soup version 0.30.0-5-g1a98f26d00 (webtiles) character file.

Game seed: 11595452011248087310

19241 Foic the Summoner (level 12, -5/51 HPs)
             Began as a Vine Stalker Summoner on May 9, 2023.
             Was a Priest of Sif Muna.
             Slain by an orc warrior
             ... wielding a +0 hand axe
              (11 damage)
             ... on level 10 of the Dungeon.
             The game lasted 02:48:42 (16220 turns).

Foic the Summoner (Vine Stalker Summoner)          Turns: 16220, Time: 02:48:42

Health: -5/51      AC:  7    Str: 11    XL:     12   Next: 66%
Magic:  0/29       EV: 15    Int: 19    God:    Sif Muna [***...]
Gold:   812        SH:  0    Dex: 16    Spells: 26/35 levels left

rFire   . . .        a - +7 Throatcutter {drain, coup de grace}
rCold   . . .        (no shield)
rNeg    + . .        c - +0 troll leather armour
rPois   +            h - +2 helmet
rElec   .            K - +0 cloak {rPois}
rCorr   +            m - +0 pair of gloves
SInv    .            (no boots)
Will    +....        G - amulet of magic regeneration
Stlth   +++++        j - ring of positive energy
HPRegen 1.88/turn    I - ring of resist corrosion
MPRegen 0.61/turn

%: guardian spirit
@: no status effects
A: fangs 3, regeneration 1, magic shield, antimagic bite, no potion heal 2,
deformed body, passive freeze
a: Renounce Religion, Channel Magic, Forget Spell


You were on level 10 of the Dungeon.
You worshipped Sif Muna.
Sif Muna was most pleased with you.
You visited 4 branches of the dungeon, and saw 17 of its levels.

You collected 1347 gold pieces.
You spent 535 gold pieces at shops.

Inventory:

Hand Weapons
 a - the +7 Throatcutter (weapon) {drain, coup de grace}
   (You found it on level 3 of the Dungeon)
 b - the +1 sling of the Shrieking God {freeze, Str+5}
   (You found it on level 6 of the Dungeon)

   Str:       It affects your strength (+5).
 p - a +2 dagger of venom
 v - a +1 heavy spear
Missiles
 d - 135 stones
 e - 27 poisoned darts
 n - a curare-tipped dart
 w - 3 throwing nets
 F - 3 atropa-tipped darts
Armour
 c - a +0 troll leather armour (worn)
 h - a +2 helmet (worn)
 k - a +1 robe of willpower
 m - a +0 pair of gloves (worn)
 K - a +0 cloak of poison resistance (worn)
 M - +1 acid dragon scales
Magical Staves
 C - a staff of conjuration
 U - a staff of death
Jewellery
 j - a ring of positive energy (left hand)
 G - an amulet of magic regeneration (around neck)
 I - a ring of resist corrosion (right hand)
 N - an amulet of regeneration
 W - a ring of protection from cold
Wands
 t - a wand of charming (3)
 y - a wand of iceblast (9)
 E - a wand of flame (10)
 P - a wand of mindburst (23)
 V - a wand of light (8)
Scrolls
 f - 9 scrolls of teleportation
 g - a scroll of silence
 l - 3 scrolls of amnesia
 o - 3 scrolls of summoning
 r - 2 scrolls of poison
 s - 4 scrolls of identify
 u - 2 scrolls of enchant weapon
 x - a scroll of fog {unknown}
 D - 2 scrolls of magic mapping {unknown}
 J - 2 scrolls of noise {unknown}
 Q - a scroll of brand weapon {unknown}
 S - a scroll of torment {unknown}
 T - a scroll of acquirement {unknown}
 X - a scroll of enchant armour
 Y - a scroll of fear {unknown}
Potions
 i - 8 potions of curing
 q - a potion of cancellation
 z - 2 potions of mutation
 A - a potion of invisibility
 B - a potion of flight
 H - 2 potions of might
 L - 2 potions of magic
 O - 2 potions of degeneration {unknown}
 R - a potion of brilliance
 Z - a potion of heal wounds {unknown}


   Skills:
 + Level 7.1 Dodging
 + Level 11.1 Stealth
 * Level 12.1 Spellcasting
 * Level 12.5 Summonings
 - Level 2.0 Translocations
 - Level 2.1 Invocations


You had 26 spell levels left.
You knew the following spells:

 Your Spells              Type           Power      Damage    Failure   Level
a - Summon Small Mammal   Summ           100%       N/A       1%          1
b - Call Imp              Summ           100%       N/A       1%          2
c - Call Canine Familiar  Summ           56%        N/A       1%          3
d - Summon Guardian Gole  Hex/Summ       35%        N/A       1%          3

Your spell library contained the following spells:

 Spells                   Type           Power      Damage    Failure   Level
 Apportation              Tloc           38%        N/A       3%          1
 Summon Lightning Spire   Summ/Air       35%        N/A       6%          4
 Freeze                   Ice            44%        1d6       8%          1
 Necrotise                Necr           44%        1d6       8%          1
 Shock                    Conj/Air       44%        1d5       8%          1
 Cigotuvi's Dreadful Rot  Necr/Pois/Air  22%        N/A       12%         2
 Static Discharge         Conj/Air       22%        2-3/arc   12%         2
 Vhi's Electric Charge    Tloc/Air       30%        N/A       16%         3
 Frozen Ramparts          Ice            22%        1d4       24%         3
 Hailstorm                Conj/Ice       11%        3d5       24%         3
 Swiftness                Air            11%        N/A       24%         3
 Airstrike                Air            5%         2d(1-17)  61%         4
 Dispel Undead            Necr           11%        3d9       61%         4
 Ice Form                 Ice/Tmut       11%        N/A       61%         4
 Leda's Liquefaction      Hex/Erth       5%         N/A       61%         4
 Arcjolt                  Conj/Air       5%         1d15      91%         5
 Fireball                 Conj/Fire      5%         3d5       91%         5
 Iskenderun's Battlesphe  Conj           11%        2d7       91%         5
 Lee's Rapid Deconstruct  Erth           5%         3d6*      91%         5
 Conjure Ball Lightning   Conj/Air       5%         3x3d6     100%        6
 Death Channel            Necr           5%         N/A       100%        6
 Simulacrum               Ice/Necr       5%         N/A       100%        6
 Statue Form              Tmut/Erth      7%         N/A       100%        6
 Orb of Destruction       Conj           5%         9d5       100%        7
 Maxwell's Capacitive Co  Air            5%         ∞         100%        8


Dungeon Overview and Level Annotations

Branches:
Dungeon (10/15)            Temple (1/1) D:6            Lair (4/5) D:9
 Shoals (0/4) Lair:3        Snake (0/4) Lair:2        Slime (0/5) Lair:4
    Orc (2/2) D:10
    Elf: Orc:2

Altars:
Ashenzari
Cheibriados
Dithmenos
Elyvilon
Fedhas
Gozag
Hepliaklqana
Kikubaaqudgha
Makhleb
Nemelex Xobeh
Okawaru
Qazlal
Ru
Sif Muna
Trog
Uskayaw
Vehumet
Wu Jian
Xom
Yredelemnul
Zin
The Shining One
Jiyva

Shops:
D:6 *   D:8 (![[*   D:10 [

Annotations:
D:8 shop troll armor 300G, boots 450G
Lair:2 1 runed translucent door, Zapai's ghost, journeyman DgAr


Innate Abilities, Weirdness & Mutations

You have razor-sharp teeth.
Your natural rate of healing is unusually fast.
When hurt, damage is shared between your health and your magic reserves.
Your bite disrupts and absorbs the magic of your enemies.
Potions cannot restore your health.
Armour fits poorly on your strangely shaped body.
A frigid envelope surrounds you and freezes all who hurt you.


Message History

The orc knight hits you with a +0 long sword.
The orc knight completely resists.
The orc warrior hits you with a +0 hand axe!
The orc warrior is very cold.
The orc warrior is severely wounded.
Your wolf bites the orc knight.
Your wolf bites the orc knight but does no damage.
The orc warrior hits you with a +0 hand axe.
The orc warrior is very cold.
The orc warrior is almost dead.
The orc knight hits you with a +0 long sword.
* * * LOW HITPOINT WARNING * * *
The orc knight resists.
The orc knight is very cold.
The orc knight is lightly wounded.
Your wolf closely misses the orc knight.
You see here a +0 club.
Your wolf bites the orc knight but does no damage.
The orc knight roars a battlecry!
The orc warrior goes into a battle-frenzy!
Your wolf bites the orc knight but does no damage.
Your wolf barely misses the orc knight.
The orc warrior hits you with a +0 hand axe!
* * * LOW HITPOINT WARNING * * *
The orc warrior is very cold.
The orc warrior is almost dead.
The orc warrior hits your wolf with a +0 hand axe.
The orc knight hits your wolf with a +0 long sword!
Your wolf dies!
Your wolf's corpse disappears in a puff of smoke!
There is a staircase back to the Dungeon here.
The orc warrior hits you with a +0 hand axe!
* * * LOW HITPOINT WARNING * * *
You climb upwards.
Welcome back to the Dungeon!
There is a staircase to the Orcish Mines here.
Casting: Call Canine Familiar (safe; 1% risk of failure)
Confirm with . or Enter, or press ? or * to list all spells.
You don't have enough magic to cast this spell.
The orc warrior attacks as you move away!
The orc warrior hits you with a +0 hand axe!
You die...

....'......#........#..#.....#...
....#......#.......##..#######...
....#......'.......#.............
....#......#.......#.............
....#......#.......#.#'##+#......
>...#......#.......#.#....+......
....#......#.......#.#....#......
....#................#....##..###
....#...........@....#.....#..#..
....#..........o.....#.....#..#..
..###................#.....#..#..
..'...###'##...∩.....#.....#..#..
###...#..............####..#..#..
......#.................#..'..'..
#.....#.................####..#..
#.....#.........#).....[......###
#....[#.........#............(...


You could see an orc warrior (strong).

Vanquished Creatures
  A harpy (Lair:3)
  An orc knight (D:9)
  An elephant (Lair:4)
  2 black mambas
  Maggie (D:6)
  A warg (Orc:1)
  A sky beast (D:6)
  A kobold brigand (D:2)
  A bullfrog (D:4)
  3 killer bees (D:8)
  An electric eel (D:7)
  2 hounds (D:4)
  A hell rat (Lair:1)
  Robin (D:2)
  2 gnolls
  4 orcs
  2 bats (D:3)
  A goblin (D:2)
  A rat (D:2)
28 creatures vanquished.

Vanquished Creatures (collateral kills)
  2 two-headed ogres (D:10)
  A harpy (Lair:3)
  A cyclops (D:10)
  4 elephants
  A black mamba (Lair:2)
  2 komodo dragons
  A rime drake (Lair:2)
  2 trolls
  A polar bear (Lair:4)
  A shadow (D:9)
  Sigmund (D:2)
  3 wyverns
  Eustachio (D:5)
  A basilisk (Lair:4)
  6 yaks
  2 steam dragons
  Grum (D:9)
  Menkaure (D:4)
  4 water moccasins
  Duvessa (D:6)
  7 orc warriors
  2 sky beasts
  2 ice beasts (D:4)
  3 ogres
  2 centaurs
  A kobold brigand (D:3)
  5 bullfrogs
  4 scorpions
  2 wights (D:7)
  Dowan (D:6)
  6 killer bees
  An electric eel (Lair:2)
  3 howler monkeys
  6 orc priests
  3 jellies
  A gnoll bouda (D:6)
  A hound (D:3)
  3 iguanas
  3 sleepcaps
  Natasha (thrice) (D:3)
  9 orc wizards
  7 hell rats
  7 gnolls
  3 adders (D:3)
  3 shadow imps
  A white imp (D:6)
  2 worms (D:2)
  3 dart slugs
  43 orcs
  12 endoplasms
  5 giant cockroaches
  18 goblins
  13 hobgoblins
  4 jackals (D:2)
  13 kobolds
  4 quokkas
  6 ball pythons
  3 bats
  5 frilled lizards
  4 rats
261 creatures vanquished.

Vanquished Creatures (others)
  A skyshark (Lair:4)
  The ghost of martbhell the Cleaver, a novice MiFi of Nemelex Xobeh (D:7)
  A harpy (Lair:3)
  2 elephants
  A cane toad (Lair:3)
  A troll (D:10)
  A hornet (D:9)
  6 yaks (D:8)
  A steam dragon (Lair:1)
  2 orc warriors (D:9)
  A black bear (D:7)
  An ice beast (D:6)
  2 wolves (D:9)
  3 wights (D:7)
  3 killer bees (D:8)
  A gnoll bouda (D:7)
  A hell rat (Lair:1)
  A gnoll (D:7)
  4 orcs
34 creatures vanquished.

Grand Total: 323 creatures vanquished

Notes
Turn   | Place    | Note
-------+----------+-------------------------------------------
     0 | D:1      | Foic the Vine Stalker Summoner began the quest for the Orb.
     0 | D:1      | Reached XP level 1. HP: 9/9 MP: 4/4
   221 | D:1      | Reached XP level 2. HP: 13/13 MP: 3/6
   428 | D:1      | Learned a level 2 spell: Call Imp
   657 | D:1      | Reached XP level 3. HP: 16/16 MP: 4/8
   662 | D:1      | Learned a level 3 spell: Call Canine Familiar
   940 | D:1      | Gained mutation: Armour fits poorly on your strangely
                  | shaped body. [potion of mutation]
   940 | D:1      | Gained mutation: A frigid envelope surrounds you and
                  | freezes all who hurt you. [potion of mutation]
  1475 | D:2      | Noticed Robin
  1512 | D:2      | Gained mutation: Your natural rate of healing is unusually
                  | fast. [Vine Stalker growth]
  1512 | D:2      | Reached XP level 4. HP: 21/21 MP: 0/9
  1532 | D:2      | Killed Robin
  1936 | D:2      | Noticed Sigmund
  1956 | D:2      | Killed Sigmund
  1957 | D:2      | Reached skill level 5 in Summonings
  1957 | D:2      | Reached XP level 5. HP: 24/24 MP: 4/11
  1957 | D:2      | Reached XP level 6. HP: 28/28 MP: 4/12
  2064 | D:2      | Found a sparkling altar of Nemelex Xobeh.
  2540 | D:3      | Noticed Natasha
  2571 | D:3      | Killed Natasha
  2711 | D:3      | Found the +7 Throatcutter {drain, coup de grace}
  3180 | D:3      | Reached XP level 7. HP: 32/32 MP: 12/14
  3552 | D:3      | Noticed Natasha
  3597 | D:3      | Killed Natasha
  4053 | D:3      | Noticed Natasha
  4062 | D:3      | Killed Natasha
  4163 | D:4      | Learned a level 3 spell: Summon Guardian Golem
  4233 | D:4      | Reached skill level 5 in Spellcasting
  4351 | D:4      | Reached skill level 5 in Stealth
  4377 | D:4      | Gained mutation: You have razor-sharp teeth. [Vine Stalker
                  | growth]
  4377 | D:4      | Reached XP level 8. HP: 36/36 MP: 3/17
  5333 | D:4      | Noticed Menkaure
  5338 | D:4      | Killed Menkaure
  5672 | D:5      | Entered Level 5 of the Dungeon
  6096 | D:5      | Noticed Eustachio
  6166 | D:5      | Killed Eustachio
  6419 | D:5      | Reached XP level 9. HP: 39/39 MP: 12/20
  6909 | D:6      | Noticed Duvessa
  6913 | D:6      | Noticed Dowan
  6919 | D:6      | Killed Duvessa
  6931 | D:6      | Killed Dowan
  6976 | D:6      | Found Tutogg's Assorted Antiques.
  6980 | D:6      | Bought a runed cloak for 187 gold pieces
  7009 | D:6      | Found a staircase to the Ecumenical Temple.
  7032 | Temple   | Entered the Ecumenical Temple
  7043 | Temple   | Became a worshipper of Sif Muna the Loreminder
  7169 | D:6      | Identified the +1 sling of the Shrieking God {freeze,
                  | Str+5}
  7235 | D:6      | Noticed Maggie
  7258 | D:6      | Killed Maggie
  7259 | D:6      | Reached skill level 1 in Translocations
  7360 | D:6      | Identified the +0 chain mail of Foolhardiness {Will+}
  7711 | D:7      | Reached XP level 10. HP: 44/44 MP: 18/23
  7811 | D:7      | Reached * piety under Sif Muna
  7814 | D:7      | Found a runed translucent door.
  7819 | D:7      | Noticed martbhell's ghost (novice MiFi)
  7855 | D:7      | Killed martbhell's ghost
  7929 | D:7      | Found a radiant altar of Vehumet.
  7932 | D:7      | Found an iron altar of Okawaru.
  8320 | D:7      | Reached skill level 5 in Dodging
  8565 | D:8      | Found Hity's Distillery.
  8607 | D:8      | Found Noluish's Antique Weapon Emporium.
  9094 | D:8      | Found Nodaskut's Assorted Antiques.
  9167 | D:8      | Bought a weird runed staff for 348 gold pieces
  9171 | D:8      | Found a glowing silver altar of Zin.
  9195 | D:8      | Reached skill level 1 in Invocations
  9292 | D:8      | Found Ulid's Antique Armour Boutique.
  9369 | D:8      | Found Epsephug's Armour Shop.
  9475 | D:8      | Found a hide-covered altar of Uskayaw.
  9810 | D:9      | Noticed Grum
  9826 | D:9      | Killed Grum
  9862 | D:9      | Reached skill level 10 in Summonings
  9951 | D:9      | Reached ** piety under Sif Muna
 10057 | D:9      | Reached XP level 11. HP: 44/47 MP: 14/25
 10259 | D:9      | Found a staircase to the Lair.
 10586 | D:10     | Entered Level 10 of the Dungeon
 10667 | D:10     | Learned a level 1 spell: Apportation
 10716 | D:10     | Found Keero's Armour Emporium.
 10726 | D:10     | Noticed a cyclops
 10739 | D:10     | Noticed an orc knight
 10741 | D:10     | Reached skill level 10 in Spellcasting
 10785 | D:9      | Killed an orc knight
 10902 | D:10     | Killed a cyclops
 10944 | D:10     | Found a staircase to the Orcish Mines.
 11030 | D:10     | Noticed a two-headed ogre
 11037 | D:10     | Killed a two-headed ogre
 11309 | Lair:1   | Entered Level 1 of the Lair of Beasts
 11410 | Lair:1   | Reached *** piety under Sif Muna
 11649 | Lair:1   | You fall into a shaft and drop 1 floor!
 12372 | Lair:2   | Found a staircase to the Snake Pit.
 12711 | D:10     | Noticed a two-headed ogre
 12721 | D:10     | Killed a two-headed ogre
 12722 | D:10     | Reached skill level 10 in Stealth
 13072 | Orc:1    | Entered Level 1 of the Orcish Mines
 13089 | Orc:2    | Entered Level 2 of the Orcish Mines
 13257 | Orc:2    | Noticed an orc knight
 13269 | Orc:2    | Noticed an orc sorcerer
 13800 | Lair:2   | Found a runed translucent door.
 13803 | Lair:2   | Noticed Zapai's ghost (journeyman DgAr)
 13814 | Lair:2   | Noticed a spriggan rider
 13816 | Lair:2   | Identified the +1 trident of Pain and Death {holy, rPois
                  | MP-9 Dex+2 SInv}
 13816 | Lair:2   | Noticed a spriggan rider
 14450 | Lair:3   | Reached XP level 12. HP: 51/51 MP: 28/28
 14501 | Lair:3   | Found a staircase to the Shoals.
 14794 | Lair:3   | Found a snail-covered altar of Cheibriados.
 15381 | Lair:4   | Noticed a skyshark
 15401 | Lair:4   | Killed a skyshark
 15451 | Lair:4   | Found a viscous altar of Jiyva.
 15451 | Lair:4   | Found a staircase to the Slime Pits.
 16217 | Orc:1    | HP: 1/51 [orc warrior/+0 hand axe (9)]
 16220 | D:10     | Slain by an orc warrior

Illustrated notes

Levels and vault maps discovered:
D:1:      dpeg_arrival_windows_large_door, layout_loops_cross,
          minmay_stone_trees_small, minmay_shallow_snake_nest
D:2:      layout_basic, basic_altar, uniq_robin, uniq_sigmund
D:3:      wad_lake_hut, layout_basic, dilly_guarded_unrand_throatcut,
          uniq_natasha
D:4:      wander_river, layout_basic, roderic_lattice_a,
          minmay_fractal_squares_5, uniq_menkaure
D:5:      layout_gridville, uniq_eustachio
D:6:      layout_rooms, minmay_temple_entry_wispy, serial_shops,
          kennysheep_mini_moat, uniq_duvessa, uniq_maggie
D:7:      layout_basic, nicolae_overflow_squiral,
          hellmonk_ghost_happy_afterlife, st_stairs_1
D:8:      layout_loops_corners, mainiacjoe_overflow_catwalk_spiral,
          serial_shops, shop_fountains, kennysheep_mini, nicolae_shop_stone,
          shop, nicolae_shop_real_fake_doors
D:9:      layout_roguey [special_room_orc], lair_entry_dummy, uniq_grum
D:10:     layout_irregular_city, orc_david_3, billiards_dpeg
Temple:   nicolae_temple_no_exploring_needed
Lair:1:   layout_cave_pods
Lair:2:   layout_roguey, dummy_snake_entry, ebering_ghost_funeral_grove,
          grunt_megastairs_4, serial_bayou_shore_a
Lair:3:   layout_regular_city, nicolae_shoals_entry_roost, basic_altar
Lair:4:   layout_regular_city, dpeg_slime_entry_enclosed, serial_bayou_lagoon_a,
          grunt_megastairs_2, lemuel_fruit_tree
Orc:1:    layout_diamond_mine, basic_altar, mines2_david, uniq_jorgrun,
          uniq_harold
Orc:2:    kennysheep_orc_mage_school, layout_caves, uniq_urug

Skill      XL: |  1  2  3  4  5  6  7  8  9 10 11 12 |
---------------+-------------------------------------+-----
Stealth        | 3 4 5 6 7 8 10 11 | 11.1
Spellcasting   | 3 4 5 6 8 9 11 12 | 12.1
Dodging        | 2 3 4 5 6 7 |  7.1
Summonings     | 5 6 7 8 10 11 12 | 12.5
Translocations | 2 |  2.0
Invocations    | 2 |  2.1

Action                     |  1- 3 |  4- 6 |  7- 9 | 10-12 || total
---------------------------+-------+-------+-------+-------++-------
  Melee: Dagger            |     5 |     4 |    46 |    15 ||    70
         Bite              |     2 |     2 |    19 |     9 ||    32
         Punch             |       |       |     1 |       ||     1
         Staff             |       |       |       |     3 ||     3
         Long sword        |       |       |       |    14 ||    14
   Fire: Sling             |       |       |     2 |     6 ||     8
   Cast: Summon Small Mamm |    49 |    15 |    96 |   337 ||   497
         Call Imp          |    13 |     9 |    45 |   101 ||   168
         Call Canine Famil |     4 |    20 |    48 |   114 ||   186
         Summon Guardian G |       |       |    24 |    49 ||    73
    Use: Potion            |     2 |     2 |     4 |     2 ||    10
         Scroll            |       |       |       |     9 ||     9
   Stab: Sleeping          |       |       |     2 |       ||     2
         Distracted        |       |       |     1 |       ||     1
 Armour: Robe              |     1 |     4 |    14 |     5 ||    24
         Troll leather arm |       |       |       |     5 ||     5
  Dodge: Dodged            |     6 |     9 |    33 |    73 ||   121
